 Dungeon Sprint DCSS version 0.17-a0-877-ga10078a (webtiles) character file.

2675 ahoge the Basher (level 9, -14/67 HPs)
             Began as a Gargoyle Berserker on Apr 30, 2015.
             Was a High Priest of Trog.
             Demolished by a komodo dragon (24 damage)
             ... in the Dungeon (Sprint IX: "|||||||||||||||||||||||||||||").
             The game lasted 00:05:55 (1026 turns).

ahoge the Basher (Gargoyle Berserker)               Turns: 1026, Time: 00:05:55

Health: -14/67     AC: 21    Str: 23    XL:     9   Next: 64%
Magic:  9/9        EV: 11    Int:  9    God:    Trog [*****.]
Gold:   0          SH:  0    Dex: 15    Spells: 0 memorised, 8 levels left

rFire  . . .     SeeInvis .     a - +0 mace
rCold  . . .     Clarity  .     p - +0 plate armour
rNeg   + . .     SustAb   .     (no shield)
rPois  ∞         Gourm    .     (no helmet)
rElec  +         Spirit   .     (no cloak)
rCorr  .         Warding  .     (no gloves)
rMut   .         NoTele   +     o - +0 pair of boots
MR     .....                    (no amulet)
Stlth  ..........               r - +3 ring of strength
                                q - +3 ring of dexterity

@: exhausted, slowed, very slow, not resistant to hostile enchantments,
extremely unstealthy
A: negative energy resistance 1, electricity resistance, unbreathing,
petrification resistance, rot immunity, AC +5
a: Burn Spellbooks, Berserk, Trog's Hand, Brothers in Arms, Renounce Religion


You were in the Dungeon.
You worshipped Trog.
Trog was extremely pleased with you.
You were not hungry.

You visited 1 branch

Inventory:

Hand weapons
 a - a +0 mace (weapon)
 n - a +2 morningstar of crushing
 s - a +3 antimagic great mace
Armour
 b - a +0 animal skin
 o - a +0 pair of boots (worn)
 p - a +0 plate armour (worn)
Jewellery
 q - a +3 ring of dexterity (left hand)
 r - a +3 ring of strength (right hand)
Magical devices
 m - a wand of draining (7)
Scrolls
 i - 3 scrolls of blinking
 l - 3 scrolls of remove curse
 v - 2 scrolls of fear
 w - 2 scrolls of enchant armour
 x - 2 scrolls of enchant weapon
Potions
 d - 7 potions of curing
 e - 3 potions of heal wounds
 f - 2 potions of haste
 g - 4 potions of magic
 h - a potion of berserk rage
 k - a potion of invisibility
 t - 3 potions of agility
 u - a potion of brilliance


   Skills:
 + Level 12.7 Fighting
 + Level 13.1 Maces & Flails
 + Level 9.5 Armour
 + Level 8.4 Dodging
 + Level 2.9 Stealth


You had 8 spell levels left.
You didn't know any spells.

Dungeon Overview and Level Annotations

Branches:
Dungeon (1/1)

Altars:
Cheibriados
Dithmenos
Elyvilon
Fedhas
Gozag
Kikubaaqudgha
Makhleb
Nemelex Xobeh
Okawaru
Qazlal
Ru
Sif Muna
Trog
Vehumet
Xom
Yredelemnul
Zin
The Shining One
Beogh
Jiyva
Lugonu


Innate Abilities, Weirdness & Mutations

You are resistant to torment.
Your stone body is resilient (AC +5).
You are immune to poison.
You resist negative energy.
You are resistant to electric shocks.
You can survive without breathing.
You are immune to petrification.
You are immune to rotting.


Message History

You are too injured to fight recklessly!
You are too injured to fight recklessly!
You are too injured to fight recklessly!
You are too injured to fight recklessly!
You are too injured to fight recklessly!
You are too injured to fight recklessly!
You are too injured to fight recklessly!
You hit the komodo dragon.
The komodo dragon is almost dead.
The komodo dragon closely misses you.
You closely miss the komodo dragon.
The komodo dragon is almost dead.
The komodo dragon barely misses you.
You hit the komodo dragon but do no damage.
The komodo dragon is almost dead.
The komodo dragon barely misses you. The komodo dragon misses you.
You closely miss the komodo dragon.
The komodo dragon is almost dead.
The komodo dragon bites you!!
You die...

▓▓▓▓▓▓▓▓▓▓▓▓▓▓▓▓▓▓▓▓▓▓▓▓▓▓▓▓▓▓▓▓▓
..'_____________________'.?|)[...
▓▓▓▓▓▓▓▓▓▓▓▓▓▓▓▓▓▓▓▓▓▓▓▓▓▓▓▓▓▓▓▓▓
.................................
▓▓▓▓▓▓▓▓▓▓▓▓▓▓▓▓▓▓▓▓▓▓▓▓▓▓▓▓▓▓▓▓▓
(.....).........@lDDFFFF.
▓▓▓▓▓▓▓▓▓▓▓▓▓▓▓▓▓▓▓▓▓▓▓▓▓


You could see an eight-headed hydra, a six-headed hydra, a komodo dragon, 3
spiny frogs and a giant frog.

Vanquished Creatures
  A griffon (D)
  A manticore (D)
  A komodo dragon (D)
  A spiny frog (D)
  A blink frog (D)
  2 yaks (D)
  2 wolves (D)
  A water moccasin (D)
  An ice beast (D)
  A black bear (D)
  An ogre (D)
  A giant frog (D)
  A big kobold (D)
  A killer bee (D)
  A crimson imp (D)
  3 hounds (D)
  An iguana (D)
  An adder skeleton (D)
  2 orcs (D)
  A giant cockroach (D)
  A hobgoblin (D)
  A jackal (D)
  A ball python skeleton (D)
  A bat (D)
  A goblin (D)
  A kobold (D)
  2 rats (D)
33 creatures vanquished.

Vanquished Creatures (others)
  2 fungi (D)
2 creatures vanquished.

Grand Total: 35 creatures vanquished

Notes
Turn   | Place    | Note
--------------------------------------------------------------
     0 | D        | ahoge, the Gargoyle Berserker, began the quest for the Orb.
     0 | D        | Reached XP level 1. HP: 14/14 MP: 1/1
    13 | D        | Acquired Trog's second power
   184 | D        | Noticed a hound
   184 | D        | Noticed an ice beast
   184 | D        | Noticed a crimson imp
   194 | D        | Killed a hound
   194 | D        | Reached skill level 5 in Fighting
   194 | D        | Reached XP level 2. HP: 14/21 MP: 2/2
   194 | D        | Reached XP level 3. HP: 17/26 MP: 3/3
   199 | D        | Killed an ice beast
   199 | D        | Reached skill level 6 in Fighting
   199 | D        | Reached XP level 4. HP: 8/32 MP: 4/4
   199 | D        | Reached XP level 5. HP: 9/37 MP: 5/5
   203 | D        | Killed a crimson imp
   203 | D        | Acquired Trog's third power
   203 | D        | Reached skill level 7 in Fighting
   239 | D        | Found a glowing silver altar of Zin.
   239 | D        | Found a glowing golden altar of the Shining One.
   239 | D        | Found an ancient bone altar of Kikubaaqudgha.
   239 | D        | Found a basalt altar of Yredelemnul.
   239 | D        | Found a shimmering altar of Xom.
   239 | D        | Found a radiant altar of Vehumet.
   239 | D        | Found an iron altar of Okawaru.
   240 | D        | Found a burning altar of Makhleb.
   241 | D        | Found a deep blue altar of Sif Muna.
   242 | D        | Found a bloodstained altar of Trog.
   243 | D        | Found a sparkling altar of Nemelex Xobeh.
   244 | D        | Found a white marble altar of Elyvilon.
   245 | D        | Found a roughly hewn altar of Beogh.
   246 | D        | Found a viscous altar of Jiyva.
   247 | D        | Found a corrupted altar of Lugonu.
   248 | D        | Found a blossoming altar of Fedhas.
   249 | D        | Found a snail-covered altar of Cheibriados.
   250 | D        | Found a shadowy altar of Dithmenos.
   251 | D        | Found a stormy altar of Qazlal.
   252 | D        | Found an opulent altar of Gozag.
   253 | D        | Found a sacrificial altar of Ru.
   423 | D        | Noticed an ogre
   423 | D        | Noticed a hound
   423 | D        | Noticed an iguana
   423 | D        | Noticed a hound
   428 | D        | Killed an ogre
   428 | D        | Reached skill level 8 in Fighting
   428 | D        | Reached XP level 6. HP: 20/44 MP: 6/6
   433 | D        | Killed a hound
   433 | D        | Reached skill level 5 in Dodging
   441 | D        | Killed an iguana
   441 | D        | Received a gift from Trog
   443 | D        | Killed a hound
   443 | D        | Reached skill level 1 in Stealth
   495 | D        | Noticed a killer bee
   495 | D        | Noticed a manticore
   495 | D        | Noticed a big kobold
   504 | D        | Killed a killer bee
   504 | D        | Reached skill level 9 in Fighting
   516 | D        | Killed a manticore
   516 | D        | Reached skill level 10 in Fighting
   516 | D        | Reached skill level 10 in Maces & Flails
   516 | D        | Reached XP level 7. HP: 53/53 MP: 7/7
   531 | D        | Killed a big kobold
   531 | D        | Received a gift from Trog
   657 | D        | Noticed a wolf
   657 | D        | Noticed a spiny frog
   657 | D        | Noticed a wolf
   657 | D        | Noticed a yak
   657 | D        | Noticed a giant frog
   657 | D        | Noticed a black bear
   657 | D        | Noticed a water moccasin
   660 | D        | Noticed a yak
   661 | D        | Killed a wolf
   661 | D        | Reached XP level 8. HP: 59/59 MP: 8/8
   664 | D        | Killed a spiny frog
   664 | D        | Reached skill level 11 in Fighting
   667 | D        | Noticed a blink frog
   669 | D        | Killed a wolf
   673 | D        | Killed a yak
   677 | D        | Killed a giant frog
   680 | D        | Killed a black bear
   680 | D        | Received a gift from Trog
   688 | D        | Killed a water moccasin
   688 | D        | Reached XP level 9. HP: 37/65 MP: 9/9
   696 | D        | Killed a yak
   696 | D        | Reached skill level 12 in Maces & Flails
   724 | D        | Killed a blink frog
   984 | D        | Noticed a komodo dragon
   984 | D        | Noticed a griffon
   984 | D        | Noticed a komodo dragon
   984 | D        | Noticed a six-headed hydra
   984 | D        | Noticed a spiny frog
   984 | D        | Noticed a spiny frog
   984 | D        | Noticed a spiny frog
   985 | D        | Noticed an eight-headed hydra
  1000 | D        | Killed a komodo dragon
  1001 | D        | Noticed a giant frog
  1011 | D        | Killed a griffon
  1011 | D        | Reached skill level 13 in Maces & Flails
  1026 | D        | Demolished by a komodo dragon

Action                   |  1- 3 |  4- 6 |  7- 9 || total
-------------------------+-------+-------+-------++-------
Melee: Mace              |    30 |    40 |   110 ||   180
Invok: Berserk           |     1 |     2 |     2 ||     5
       Trog's Hand       |     1 |     2 |     2 ||     5
  Eat: Chunk             |       |     1 |     3 ||     4
       Bread ration      |       |       |     1 ||     1
